 Dungeon Crawl Stone Soup version 0.18.1-48-g4cf74bf (webtiles) character file.

212 Heedrag the Conjurer (level 5, -1/28 HPs)
             Began as a Deep Elf Conjurer on Aug 2, 2016.
             Slain by a centaur (7 damage)
             ... on level 5 of the Dungeon.
             The game lasted 00:07:03 (3123 turns).

Heedrag the Conjurer (Deep Elf Conjurer)            Turns: 3123, Time: 00:07:04

Health: -1/28      AC:  2    Str: 10    XL:     5   Next: 58%
Magic:  27/32      EV: 12    Int: 23    God:
Gold:   222        SH:  0    Dex: 12    Spells: 4 memorised, 1 level left

rFire  . . .     SeeInvis .     y - +1 falchion (flame)
rCold  . . .     Gourm    .     a - +0 robe
rNeg   . . .     Faith    .     (no shield)
rPois  .         Spirit   .     (no helmet)
rElec  .         Dismiss  +     (no cloak)
rCorr  .         Reflect  .     (no gloves)
SustAt .         Harm     .     (no boots)
MR     .....                    k - amulet of dismissal
Stlth  ++........               f - ring "Gooticlesch" {MR- MP+9 Str+4 Int+3 Dex-3} (curse)
                                e - ring of magical power

@: not resistant to hostile enchantments, unstealthy
A: no striking features
a: no special abilities


You were on level 5 of the Dungeon.
You were hungry.

You visited 1 branch of the dungeon, and saw 5 of its levels.

You collected 222 gold pieces.

Inventory:

Hand Weapons
 g - a +0 spear
 y - a +1 falchion of flaming (weapon)
Missiles
 r - 7 curare-tipped needles
Armour
 a - a +0 robe (worn)
 E - a +0 pair of gloves
Jewellery
 e - a ring of magical power (left hand)
 f - the cursed ring "Gooticlesch" (right hand) {MR- MP+9 Str+4 Int+3 Dex-3}
   (You found it on level 4 of the Dungeon)

   [ring of dexterity]

   It affects your strength (+4).
   It affects your intelligence (+3).
   It affects your dexterity (-3).
   It affects your resistance to hostile enchantments.
   It affects your magic capacity (+9).
   It has a curse placed upon it.
 k - an amulet of dismissal (around neck)
 F - an uncursed ring of sustain attributes
Wands
 u - a wand of lightning (6/15)
 w - a wand of digging (13/24)
 B - a wand of polymorph (16/24)
 D - a wand of polymorph (7/24)
Scrolls
 d - 4 scrolls of amnesia {unknown}
 h - a scroll of enchant armour {unknown}
 i - 3 scrolls of identify {unknown}
 j - 2 scrolls of blinking {unknown}
 s - 2 scrolls of fog {unknown}
 v - a scroll of remove curse {unknown}
 C - a scroll of immolation {unknown}
 G - a scroll of fear {unknown}
Potions
 l - 2 potions of cancellation {unknown}
 n - a potion of magic {unknown}
 t - a potion of curing {unknown}
 x - a potion of heal wounds {unknown}
 z - a potion of haste {unknown}
 A - a potion of brilliance {unknown}
Books
 b - a book of Conjurations

   Spells                             Type                      Level
   a - Magic Dart                     Conjuration                  1
   b - Searing Ray                    Conjuration                  2
   c - Dazzling Spray                 Conjuration/Hexes            3
   d - Fulminant Prism                Conjuration/Hexes            4
   e - Iskenderun's Mystic Blast      Conjuration                  4
   f - Iskenderun's Battlesphere      Conjuration/Charms           5
Comestibles
 c - 3 bread rations
 m - a beef jerky
 o - 3 fruits
 p - 3 meat rations
 q - a slice of pizza


   Skills:
 - Level 2.4 Dodging
 - Level 2.4 Stealth
 + Level 5.1 Spellcasting
 * Level 6.7 Conjurations
 + Level 0.0 Charms


You had one spell level left.
You knew the following spells:

 Your Spells              Type           Power        Failure   Level  Hunger
a - Magic Dart            Conj           ####         1%          1    None
b - Dazzling Spray        Conj/Hex       ###...       10%         3    ##.....
c - Iskenderun's Mystic   Conj           #####...     8%          4    ####...
d - Iskenderun's Battles  Conj/Chrm      ###.....     71%         5    #####..


Dungeon Overview and Level Annotations

Branches:
Dungeon (5/15)
 Temple: D:4-7

Altars:

Shops:
D:4 (


Message History

Tha centaur hits ye but does nay damage.
Castin': Magic Dart Confirm wit' . or Enter, or press ? or * ta list all spells.
Aimin': Magic Dart
Press: ? - help, Shift-Dir - straight line, f/p - centaur
Aim: a centaur (moderately wounded) Tha magic dart hits tha centaur.
Tha centaur be severely wounded.
Tha centaur barely misses ye.
Castin': Magic Dart Confirm wit' . or Enter, or press ? or * ta list all spells.
Aimin': Dazzlin' Spray
Press: ? - help, Shift-Dir - straight line, f/p - centaur
Aim: a centaur (severely wounded) Tha spray o' energy hits tha centaur.
Tha centaur be almost dead.
Tha centaur be dazzled.
Ye be feelin' hungry.
Tha centaur misses ye.
Tha centaur hits ye!
Ye die...

.... ### ....
..#
...###.### #
#.......#
#.#.......##
##.....8....#
......8<8...#
.......8....#
.........@c.#
............#
....#######.#
.... .# ... #
.#


You could see a centaur (blind).

Vanquished Creatures
  An orc wizard (D:3)
  Robin (D:4)
  5 adders
  3 worms
  3 dart slugs
  4 giant geckos
  12 orcs
  A ball python (D:4)
  7 giant cockroaches
  15 goblins
  11 hobgoblins
  4 jackals (D:3)
  3 quokkas
  5 bats
  4 giant newts
  7 kobolds
  A quokka skeleton (D:3)
  7 rats
94 creatures vanquished.

Notes
Turn   | Place    | Note
--------------------------------------------------------------
     0 | D:1      | Heedrag the Deep Elf Conjurer began the quest for the Orb.
     0 | D:1      | Reached XP level 1. HP: 10/10 MP: 6/6
   247 | D:1      | Reached XP level 2. HP: 15/15 MP: 6/8
   787 | D:2      | Reached skill level 5 in Conjurations
   787 | D:2      | Reached XP level 3. HP: 9/19 MP: 0/10
   799 | D:2      | Learned a level 3 spell: Dazzling Spray
  1477 | D:3      | Reached XP level 4. HP: 24/24 MP: 12/12
  1522 | D:3      | Learned a level 4 spell: Iskenderun's Mystic Blast
  1708 | D:3      | Reached skill level 6 in Conjurations
  1825 | D:3      | Reached XP level 5. HP: 28/28 MP: 14/14
  2384 | D:4      | Got a warped brass ring
  2385 | D:4      | Identified the cursed ring "Gooticlesch" {MR- MP+9 Str+4 Int+3 Dex-3} (You found it on level 4 of the Dungeon)
  2544 | D:4      | Reached skill level 5 in Spellcasting
  2637 | D:4      | Noticed Robin
  2647 | D:4      | Killed Robin
  2929 | D:4      | Learned a level 5 spell: Iskenderun's Battlesphere
  2934 | D:4      | Found Yddoceq's Antique Weapon Boutique.
  3117 | D:5      | Entered Level 5 of the Dungeon
  3117 | D:5      | Noticed a centaur
  3123 | D:5      | Slain by a centaur

Skill      XL: |  1  2  3  4  5 |
---------------+----------------+-----
Conjurations   | 5 6 |  6.7
Spellcasting   | 4 5 |  5.1
Dodging        | |  2.4
Stealth        | |  2.4

Action                   |  1- 3 |  4- 6 || total
-------------------------+-------+-------++-------
Melee: Unarmed           |     6 |       ||     6
       Falchion          |       |     5 ||     5
       Spear             |       |     1 ||     1
 Cast: Magic Dart        |    96 |   113 ||   209
       Dazzling Spray    |       |     1 ||     1
  Eat: Chunk             |     2 |     4 ||     6
Armor: Robe              |     3 |     5 ||     8
Dodge: Dodged            |    12 |    17 ||    29
